PA
SOUTH BEACH BLAZE @ VALLEY BLUE SOX
09/05/2034
 
TOP OF THE 1ST
South Beach Blaze batting - Pitching for Valley Blue Sox : LHP Tom Hegedus
Pitching: LHP Tom Hegedus
Batting: RHB Maxence Sultanbekov 0-0: Ball
1-0: Ball
2-0: Ball
3-0: Base on Balls
Batting: LHB Lewis Blankenship 0-0: Ball
1-0: SINGLE (Flyball, 7LS)
Maxence Sultanbekov to second
Batting: SHB Eisse van Opdorp 0-0: Ball
1-0: Foul Ball, location: 2F
1-1: Reached on error, E6 (Groundball, 6D)
Maxence Sultanbekov to third
Lewis Blankenship to second
Batting: RHB Marcos Reyes 0-0: Ball
1-0: Foul Ball, location: 2F
1-1: Ball
2-1: Ball
3-1: SINGLE (Groundball, 56S) (infield hit)
Maxence Sultanbekov scores
Lewis Blankenship to third
Eisse van Opdorp to second
Batting: RHB Mark Patterson 0-0: Ball
1-0: Ball
2-0: Foul Ball, location: 2F
2-1: Foul Ball, location: 2F
2-2: Foul Ball, location: 2F
2-2: Ball
3-2: Base on Balls
Lewis Blankenship scores
Eisse van Opdorp to third
Marcos Reyes to second
Batting: LHB Javier López 0-0: Ball
1-0: Ball
2-0: Called Strike
2-1: Fielders Choice at 2nd, 3-6 (Groundball, 34)
Eisse van Opdorp scores
Marcos Reyes to third
Batting: LHB Tomislav Jovovich 0-0: Ball
1-0: Called Strike
1-1: Called Strike
1-2: Ball
2-2: Ball
3-2: Fly out, F6 (Popup, 6S)
Batting: RHB Mikael Evangjeli 0-0: Ball
1-0: Fielders Choice at 2nd, 6-4 (Groundball, 56)
Top of the 1st over - 3 runs, 2 hits, 1 error, 2 left on base; South Beach 3 - Valley 0
BOTTOM OF THE 1ST
Valley Blue Sox batting - Pitching for South Beach Blaze : LHP Adrik Mihalushkin
Pitching: LHP Adrik Mihalushkin
Batting: RHB Grady Harris 0-0: Called Strike
0-1: Foul Ball, location: 2F
0-2: Ground out 5-3 (Groundball, 5)
Batting: RHB Júlio Hernández 0-0: Ball
1-0: SINGLE (Groundball, 6MD)
Batting: RHB Richard Trevithick 0-0: Foul Ball, location: 2F
0-1: Swinging Strike
0-2: Ball
1-2: Strikes out swinging
Batting: SHB Donnie Magee 0-0: Called Strike
Júlio Hernández steals 2nd base
0-1: Ball
1-1: Foul Ball, location: 2F
1-2: Ball
2-2: Foul Ball, location: 2F
2-2: Foul Ball, location: 2F
2-2: Hit by Pitch
Batting: LHB Donald Lund 0-0: Ball
1-0: Ball
2-0: Ball
3-0: Base on Balls
Júlio Hernández to third
Donnie Magee to second
Batting: RHB Dallas Jiménez 0-0: Ball
1-0: Ground out 5-3 (Groundball, 25)
Bottom of the 1st over - 0 runs, 1 hit, 0 errors, 3 left on base; South Beach 3 - Valley 0
TOP OF THE 2ND
South Beach Blaze batting - Pitching for Valley Blue Sox : LHP Tom Hegedus
Batting: SHB Noah Martone 0-0: Called Strike
0-1: Ground out 6-3 (Groundball, 6MD)
Batting: RHB Maxence Sultanbekov 0-0: Called Strike
0-1: Ball
1-1: Ground out U3 (Groundball, 3)
Batting: LHB Lewis Blankenship 0-0: Ball
1-0: Called Strike
1-1: Called Strike
1-2: Fly out, F7 (Flyball, 78D)
Top of the 2nd over - 0 runs, 0 hits, 0 errors, 0 left on base; South Beach 3 - Valley 0
BOTTOM OF THE 2ND
Valley Blue Sox batting - Pitching for South Beach Blaze : LHP Adrik Mihalushkin
Batting: RHB Jon Huband 0-0: Fly out, F9 (Flyball, 9)
Batting: RHB Jeff Fox 0-0: Ball
1-0: Ball
2-0: Swinging Strike
2-1: Ball
3-1: Bunt missed!
3-2: Ground out 6-3 (Groundball, 6)
Batting: LHB Stuart Janssen 0-0: Ball
1-0: Ball
2-0: Foul Ball, location: 2F
2-1: Foul Ball, location: 2F
2-2: Foul Ball, location: 2F
2-2: Foul Ball, location: 2F
2-2: Foul Ball, location: 2F
2-2: Fly out, F7 (Flyball, 7)
Bottom of the 2nd over - 0 runs, 0 hits, 0 errors, 0 left on base; South Beach 3 - Valley 0
TOP OF THE 3RD
South Beach Blaze batting - Pitching for Valley Blue Sox : LHP Tom Hegedus
Batting: SHB Eisse van Opdorp 0-0: Fly out, F6 (Line Drive, 6)
Batting: RHB Marcos Reyes 0-0: Ball
1-0: Called Strike
1-1: Called Strike
1-2: Ground out 6-3 (Groundball, 6)
Batting: RHB Mark Patterson 0-0: Ball
1-0: Ball
2-0: Ball
3-0: Called Strike
3-1: Swinging Strike
3-2: SINGLE (Groundball, 34D)
Batting: LHB Javier López 0-0: Called Strike
0-1: Ball
1-1: Fly out, F9 (Line Drive, 9LM)
Top of the 3rd over - 0 runs, 1 hit, 0 errors, 1 left on base; South Beach 3 - Valley 0
BOTTOM OF THE 3RD
Valley Blue Sox batting - Pitching for South Beach Blaze : LHP Adrik Mihalushkin
Batting: RHB Grady Harris 0-0: Bunt for hit - play at first, batter safe!
Batting: RHB Júlio Hernández 0-0: SINGLE (Flyball, 9S)
Grady Harris to second
Runner from 2nd tries for 3rd, SAFE, throw made to third
Batting: RHB Richard Trevithick 0-0: Called Strike
0-1: Ball
1-1: Ball
2-1: Grounds into double play, 6-4-3 (Groundball, 6M)
Grady Harris scores
Batting: SHB Donnie Magee 0-0: Ball
1-0: Called Strike
1-1: SINGLE (Groundball, 56S) (infield hit)
Batting: LHB Donald Lund 0-0: Called Strike
0-1: Ball
1-1: Ball
2-1: Fly out, F9 (Flyball, 89M)
Bottom of the 3rd over - 1 run, 3 hits, 0 errors, 1 left on base; South Beach 3 - Valley 1
TOP OF THE 4TH
South Beach Blaze batting - Pitching for Valley Blue Sox : LHP Tom Hegedus
Batting: LHB Tomislav Jovovich 0-0: Fly out, F8 (Flyball, 8RM)
Batting: RHB Mikael Evangjeli 0-0: Ball
1-0: Ball
2-0: Ball
3-0: Base on Balls
Batting: SHB Noah Martone 0-0: Ball
1-0: Swinging Strike
1-1: Foul Ball, location: 2F
1-2: Strikes out swinging
Batting: RHB Maxence Sultanbekov 0-0: Called Strike
0-1: Ball
1-1: Foul Ball, location: 2F
1-2: Fly out, F7 (Line Drive, 7D)
Top of the 4th over - 0 runs, 0 hits, 0 errors, 1 left on base; South Beach 3 - Valley 1
BOTTOM OF THE 4TH
Valley Blue Sox batting - Pitching for South Beach Blaze : LHP Adrik Mihalushkin
Batting: RHB Dallas Jiménez 0-0: Called Strike
0-1: Foul Ball, location: 2F
0-2: Ball
1-2: SINGLE (Groundball, 6D)
Batting: RHB Jon Huband 0-0: Ball
1-0: Foul Ball, location: 2F
1-1: Foul Ball, location: 2F
1-2: Strikes out swinging
Batting: RHB Jeff Fox 0-0: Ball
Wild Pitch!
Dallas Jiménez to second
1-0: Foul Ball, location: 2F
1-1: Ball
2-1: Swinging Strike
2-2: Strikes out swinging
Batting: LHB Stuart Janssen 0-0: Ball
1-0: Fly out, F6 (Line Drive, 6)
Bottom of the 4th over - 0 runs, 1 hit, 0 errors, 1 left on base; South Beach 3 - Valley 1
TOP OF THE 5TH
South Beach Blaze batting - Pitching for Valley Blue Sox : LHP Tom Hegedus
Batting: LHB Lewis Blankenship 0-0: Called Strike
0-1: Ground out 3-1 (Groundball, 34S)
Batting: SHB Eisse van Opdorp 0-0: SINGLE (Groundball, 34S) (infield hit)
Batting: RHB Marcos Reyes 0-0: Fly out, F8 (Flyball, 8LS)
Batting: RHB Mark Patterson 0-0: Ball
1-0: Ball
2-0: Ball
3-0: Called Strike
3-1: Fielders Choice at 2nd, U6 (Groundball, 6M)
Top of the 5th over - 0 runs, 1 hit, 0 errors, 1 left on base; South Beach 3 - Valley 1
BOTTOM OF THE 5TH
Valley Blue Sox batting - Pitching for South Beach Blaze : LHP Adrik Mihalushkin
Batting: RHB Grady Harris 0-0: Called Strike
0-1: Ball
1-1: Ground out 6-3 (Groundball, 6S)
Batting: RHB Júlio Hernández 0-0: Ground out 6-3 (Groundball, 6M)
Batting: RHB Richard Trevithick 0-0: Called Strike
0-1: Ball
1-1: Ball
2-1: Ball
3-1: Fly out, F6 (Line Drive, 6)
Bottom of the 5th over - 0 runs, 0 hits, 0 errors, 0 left on base; South Beach 3 - Valley 1
TOP OF THE 6TH
South Beach Blaze batting - Pitching for Valley Blue Sox : LHP Tom Hegedus
Batting: LHB Javier López 0-0: Foul Ball, location: 2F
0-1: Called Strike
0-2: Ball
1-2: Strikes out looking
Batting: LHB Tomislav Jovovich 0-0: Ball
1-0: Ball
2-0: Called Strike
2-1: Foul Ball, location: 2F
2-2: Foul Ball, location: 2F
2-2: Ball
3-2: Base on Balls
Batting: RHB Mikael Evangjeli 0-0: Swinging Strike
0-1: Called Strike
0-2: Ball
1-2: Strikes out swinging
Batting: SHB Noah Martone 0-0: Called Strike
0-1: Foul Ball, location: 2F
0-2: Ball
1-2: Ball
2-2: Ball
3-2: Foul Ball, location: 2F
3-2: Base on Balls
Tomislav Jovovich to second
Batting: RHB Maxence Sultanbekov 0-0: Ball
1-0: Ball
2-0: Swinging Strike
2-1: Fly out, F7 (Flyball, 7S)
Top of the 6th over - 0 runs, 0 hits, 0 errors, 2 left on base; South Beach 3 - Valley 1
BOTTOM OF THE 6TH
Valley Blue Sox batting - Pitching for South Beach Blaze : LHP Adrik Mihalushkin
Batting: SHB Donnie Magee 0-0: SINGLE (Flyball, 7LS)
Pitching: RHP Thom Davis
Batting: LHB Donald Lund 0-0: Foul Ball, location: 2F
0-1: Ball
1-1: Ball
2-1: Foul Ball, location: 2F
2-2: Foul Ball, location: 2F
2-2: Ball
3-2: Foul Ball, location: 2F
3-2: Base on Balls
Donnie Magee to second
Batting: RHB Dallas Jiménez 0-0: Sac Bunt - play at first, batter OUT! 1-3
Donnie Magee to third
Donald Lund to second
Batting: RHB Jon Huband 0-0: Called Strike
0-1: Swinging Strike
0-2: Strikes out looking
Batting: RHB Jeff Fox 0-0: Ball
1-0: Ground out 1-3 (Groundball, P)
Bottom of the 6th over - 0 runs, 1 hit, 0 errors, 2 left on base; South Beach 3 - Valley 1
TOP OF THE 7TH
South Beach Blaze batting - Pitching for Valley Blue Sox : LHP Tom Hegedus
Batting: LHB Lewis Blankenship 0-0: Called Strike
0-1: Called Strike
0-2: Foul Ball, location: 2F
0-2: Ball
1-2: Fly out, F9 (Flyball, 89M)
Batting: SHB Eisse van Opdorp 0-0: Ball
1-0: Fly out, F2 (Popup, 2RF)
Batting: RHB Marcos Reyes 0-0: Ball
1-0: Called Strike
1-1: Ball
2-1: Ball
3-1: Foul Ball, location: 2F
3-2: Ground out 5-3 (Groundball, 56S)
Top of the 7th over - 0 runs, 0 hits, 0 errors, 0 left on base; South Beach 3 - Valley 1
BOTTOM OF THE 7TH
Valley Blue Sox batting - Pitching for South Beach Blaze : RHP Thom Davis
Batting: LHB Stuart Janssen 0-0: Ball
1-0: Ball
2-0: Called Strike
2-1: Ball
3-1: Ground out 4-3 (Groundball, 4)
Batting: RHB Grady Harris 0-0: Ball
1-0: Ball
2-0: Ball
3-0: Base on Balls
Batting: RHB Júlio Hernández 0-0: Ball
1-0: Called Strike
1-1: Grounds into double play, 5-4-3 (Groundball, 56)
Bottom of the 7th over - 0 runs, 0 hits, 0 errors, 0 left on base; South Beach 3 - Valley 1
TOP OF THE 8TH
South Beach Blaze batting - Pitching for Valley Blue Sox : LHP Tom Hegedus
Pitching: RHP Risto Latva
Batting: RHB Mark Patterson 0-0: Ball
1-0: Ground out 4-3 (Groundball, 4)
Batting: LHB Javier López 0-0: Called Strike
0-1: Ball
1-1: Ground out 1-3 (Groundball, P)
Batting: LHB Tomislav Jovovich 0-0: Called Strike
0-1: Swinging Strike
0-2: Ball
1-2: SINGLE (Line Drive, 8RS)
Batting: RHB Mikael Evangjeli 0-0: Ball
1-0: Foul Ball, location: 2F
1-1: Swinging Strike
1-2: Foul Ball, location: 2F
1-2: Ball
2-2: Ball
3-2: Foul Ball, location: 2F
3-2: Strikes out looking
Top of the 8th over - 0 runs, 1 hit, 0 errors, 1 left on base; South Beach 3 - Valley 1
BOTTOM OF THE 8TH
Valley Blue Sox batting - Pitching for South Beach Blaze : RHP Thom Davis
Batting: RHB Richard Trevithick 0-0: Foul Ball, location: 2F
0-1: Called Strike
0-2: Ball
1-2: Ball
2-2: DOUBLE (Flyball, 89D)
Batting: SHB Donnie Magee 0-0: Called Strike
0-1: Called Strike
0-2: Ball
1-2: Foul Ball, location: 2F
1-2: Foul Ball, location: 2F
1-2: Ball
2-2: Ground out U3 (Groundball, 3)
Richard Trevithick to third
Batting: LHB Donald Lund 0-0: Called Strike
0-1: Called Strike
0-2: Ball
1-2: Ball
2-2: Foul Ball, location: 2F
2-2: Ball
3-2: Base on Balls
Pitching: RHP Jacob Swanson
Batting: RHB Dallas Jiménez 0-0: Ball
1-0: Swinging Strike
1-1: Called Strike
1-2: Strikes out swinging
Batting: RHB Jon Huband 0-0: Swinging Strike
0-1: Swinging Strike
0-2: Strikes out swinging
Bottom of the 8th over - 0 runs, 1 hit, 0 errors, 2 left on base; South Beach 3 - Valley 1
TOP OF THE 9TH
South Beach Blaze batting - Pitching for Valley Blue Sox : RHP Risto Latva
Batting: SHB Noah Martone 0-0: Called Strike
0-1: Ball
1-1: Fly out, F7 (Flyball, 7)
Batting: RHB Maxence Sultanbekov 0-0: Ball
1-0: Called Strike
1-1: Swinging Strike
1-2: Ball
2-2: Ball
3-2: Base on Balls
Batting: LHB Lewis Blankenship 0-0: Ball
Maxence Sultanbekov is caught stealing 2nd base
1-0: Bunt for hit - play at first, batter OUT! 2-3
Top of the 9th over - 0 runs, 0 hits, 0 errors, 0 left on base; South Beach 3 - Valley 1
BOTTOM OF THE 9TH
Valley Blue Sox batting - Pitching for South Beach Blaze : RHP Jacob Swanson
Batting: RHB Jeff Fox 0-0: Foul Ball, location: 2F
0-1: Called Strike
0-2: Strikes out swinging
Batting: LHB Stuart Janssen 0-0: Called Strike
0-1: Called Strike
0-2: Ball
1-2: Foul Ball, location: 2F
1-2: Ground out 5-3 (Groundball, 5)
Batting: RHB Grady Harris 0-0: Foul Ball, location: 2F
0-1: Ball
1-1: Ball
2-1: Foul Ball, location: 2F
2-2: Ball
3-2: Foul Ball, location: 2F
3-2: Base on Balls
Batting: RHB Júlio Hernández 0-0: Ball
1-0: Called Strike
1-1: Ball
2-1: Ball
3-1: SINGLE (Line Drive, 7S)
Grady Harris to second
Batting: RHB Richard Trevithick 0-0: Ball
1-0: Ball
2-0: Fly out, F7 (Flyball, 78D)
Bottom of the 9th over - 0 runs, 1 hit, 0 errors, 2 left on base; South Beach 3 - Valley 1
Friday, March 29th, 2019 - OOTP Baseball 18.8 Build 76